 Dungeon Crawl Stone Soup version 0.25-a0-294-gea9b1ad378 (webtiles) character file.

Game seed: 14576745501265006222, levelgen mode: classic

106 Borgoz the Cudgeler (level 4, -10/28 HPs)
             Began as a Gargoyle Berserker on Dec 19, 2019.
             Was a Believer of Trog.
             Mangled by an ice beast (11 damage)
             ... on level 3 of the Dungeon.
             The game lasted 00:02:25 (2118 turns).

Borgoz the Cudgeler (Gargoyle Berserker)            Turns: 2118, Time: 00:02:26

Health: -10/28     AC:  9    Str: 21    XL:     4   Next: 84%
Magic:  4/4        EV: 11    Int:  7    God:    Trog [**....]
Gold:   123        SH:  0    Dex: 10    Spells: 3/3 levels left

rFire    . . .     SeeInvis .   a - +0 mace
rCold    . . .     Gourm    .   (no shield)
rNeg     + . .     Faith    .   i - +0 ring mail
rPois    ∞         Spirit   .   (no helmet)
rElec    +         Reflect  .   (no cloak)
rCorr    .         Harm     .   (no gloves)
MR       ++...                  (no boots)
Stlth    ..........             (no amulet)
HPRegen  1.09/turn              (no ring)
MPRegen  0.09/turn              (no ring)

@: berserk cooldown, regenerating, slowed, very slow
A: negative energy resistance 1, electricity resistance, unbreathing,
petrification resistance, rot immunity, AC +3
a: Berserk, Trog's Hand, Renounce Religion


You were on level 3 of the Dungeon.
You worshipped Trog.
Trog was pleased with you.
You were very hungry.

You visited 1 branch of the dungeon, and saw 3 of its levels.

You collected 123 gold pieces.

Inventory:

Hand Weapons
 a - a +0 mace (weapon)
Armour
 i - a +0 ring mail (worn)
Jewellery
 l - a cursed amulet of inaccuracy {unknown}
 o - an uncursed amulet of faith {unknown}
Scrolls
 d - a scroll of fog {unknown}
 f - a scroll of fear
 j - a scroll of enchant weapon {unknown}
 k - 2 scrolls of random uselessness {unknown}
 m - 4 scrolls of blinking {unknown}
 n - a scroll of teleportation {unknown}
Potions
 b - 2 potions of resistance
 e - a potion of curing {unknown}
 g - a potion of lignification
Comestibles
 c - 5 rations
 h - 3 chunks of flesh


   Skills:
 - Level 3.2 Fighting
 + Level 3.9 Maces & Flails
 + Level 3.4 Armour
 + Level 2.6 Dodging


You had 3 spell levels left.
You didn't know any spells.
Your spell library was empty.

Dungeon Overview and Level Annotations

Branches:
Dungeon (3/15)

Altars:
Fedhas
Gozag
Wu Jian
Xom
Yredelemnul
The Shining One


Innate Abilities, Weirdness & Mutations

You are resistant to torment.
Your stone body is resilient. (AC +3)
You are immune to poison.
You resist negative energy. (rN+)
You are resistant to electric shocks. (rElec)
You can survive without breathing.
You are immune to petrification.
You are immune to rotting.


Message History

The ice beast is almost dead.
You are no longer berserk.
You are exhausted.
You feel yourself slow down.
You hit the ice beast.
The ice beast is almost dead.
The ice beast barely misses you. The ice beast hits you.
The ice beast freezes you!
You are too injured to fight recklessly!
You are too injured to fight recklessly!
You are too injured to fight recklessly!
Your skin crawls.
You feel resistant to hostile enchantments.
You are feeling very hungry.
The ice beast hits you. The ice beast freezes you!
* * * LOW HITPOINT WARNING * * *
The ice beast hits you.
* * * LOW HITPOINT WARNING * * *
The ice beast freezes you!
You die...

#.# #......$.. #.#
#......... #.#
#......... #.#
#.........
..####.######.hh......
.............h......$.
#.###.#####....#######
#..# #..hh##########
##.## #..hhY@........
#..# #...h#####...##
##.# #....# .# #.#
#....# #.# ##.#.# #.#
#.#.# #.# #.#.# #.# #.
#.# #


You could see an ice beast and 5 jackals.

Vanquished Creatures
  4 adders
  3 dart slugs
  A leopard gecko (D:2)
  A ball python (D:1)
  7 bats
  3 giant cockroaches
  9 goblins
  10 hobgoblins
  5 jackals
  5 kobolds
  6 frilled lizards
  4 rats
58 creatures vanquished.

Notes
Turn   | Place    | Note
-------+----------+-------------------------------------------
     0 | D:1      | Borgoz the Gargoyle Berserker began the quest for the Orb.
     0 | D:1      | Reached XP level 1. HP: 14/14 MP: 1/1
   334 | D:1      | Reached XP level 2. HP: 12/19 MP: 2/2
   897 | D:1      | Reached XP level 3. HP: 23/23 MP: 3/3
  1002 | D:1      | Reached ** piety under Trog
  1287 | D:2      | Found a glowing golden altar of the Shining One.
  1289 | D:2      | Noticed an angel
  1300 | D:2      | Found a basalt altar of Yredelemnul.
  1302 | D:2      | Noticed a profane servitor
  1390 | D:2      | Found an ornate altar of the Wu Jian Council.
  1450 | D:2      | Reached XP level 4. HP: 26/28 MP: 4/4
  1623 | D:2      | Found a shimmering altar of Xom.
  1646 | D:2      | Found a blossoming altar of Fedhas.
  1650 | D:2      | Found an opulent altar of Gozag.
  2094 | D:3      | Noticed an ice beast
  2118 | D:3      | HP: 1/28 [ice beast (1)]
  2118 | D:3      | Mangled by an ice beast

Levels and vault maps discovered:
D:1:      lightli_molten_gateway, layout_basic, minmay_pentomino_v4
D:2:      layout_rooms, grunt_temple_overflow_holy_war, lemuel_round_altar,
          minmay_overflow_temple_star_quad
D:3:      layout_basic, lemuel_doored_altar

Skill      XL: |  1  2  3 |
---------------+----------+-----
Dodging        | 2 |  2.6
Armour         | 3 |  3.4
Fighting       | |  3.2
Maces & Flails | |  3.9

Action                   |  1- 3 |  4- 6 || total
-------------------------+-------+-------++-------
Melee: Mace              |    98 |    94 ||   192
Invok: Berserk           |       |     1 ||     1
       Trog's Hand       |       |     1 ||     1
  Use: Scroll            |       |     4 ||     4
  Eat: Chunk             |     2 |     2 ||     4
Armor: Animal skin       |    18 |       ||    18
       Ring mail         |    31 |    67 ||    98
Dodge: Dodged            |    77 |    78 ||   155

Table legend:
 A = Non-vault XP
 B = Vault XP
 C = Vault XP percentage of total XP
 D = Non-vault monster count
 E = Vault monster count
 F = Vault count percentage of total count
                 A         B        C        D         E       F
            +---------+---------+-------+---------+---------+-------
      Total |     142 |      10 |   6.6 |      54 |       4 |   6.9
            +---------+---------+-------+---------+---------+-------
        D:1 |      31 |      10 |  24.4 |      17 |       4 |  19.0
        D:2 |      87 |       0 |   0.0 |      30 |       0 |   0.0
        D:3 |      24 |       0 |   0.0 |       7 |       0 |   0.0
            +---------+---------+-------+---------+---------+-------
